[Event "Late-Titled-Tuesday-Blitz-April-23-2024"]
[Site "Chess.com"]
[Date "2024.04.23"]
[Round "3"]
[White "ArtemDyachuk"]
[Black "Hrant_ChessMood"]
[Result "1/2-1/2"]
[WhiteElo "2742"]
[BlackElo "2955"]
[TimeControl "180+1"]
[EndTime "14:32:55 PDT"]
[Termination "Game drawn by repetition"]

1. d4 Nf6 2. c4 g6 3. Nc3 Bg7 4. e4 d6 5. Be2 O-O 6. Bg5 Na6 7. Nf3 e5 8. O-O h6 9. Bh4 g5 10. Bg3 Nh5 11. dxe5 Nxg3 12. fxg3 dxe5 13. Qc2 c6 14.
Kh1 Nc5 15. Ng1 Ne6 16. Bh5 Nd4 17. Qf2 Be6 18. b3 a5 19. Rad1 Qe7 20. Nge2 Rad8 21. g4 Rd7 22. Ng3 Rfd8 23. Nf5 Qf8 24. Na4 Nxf5 25.
gxf5 Rxd1 26. Bxd1 Bc8 27. f6 Bh8 28. c5 Be6 29.
Nb6 Rd4 30. Qe1 Qd8 31. Bh5 Bxf6 32. Qf2 Kg7 33. h3 Rxe4 34. Nc4 Rf4 35. Qe2 Rxf1+ 36. Qxf1 Bxc4 37. Qxc4 Qd5 38. Qxd5 cxd5 39. Bg4 Be7 40. Bc8 Bxc5 41. Bxb7 d4 42. Be4 Kf6 43. g4 Ke6 44. Kg2 Kd6 45. Kf1 Ba3 46. Ke2 Kc5 47. Kd3 Kb4 48.
Bf5 Bc1 49. Be4 Bf4 50. Bd5 f6 51. a4 Kc5 52. Bc4 Bg3 53. Bg8 Kd6 54. Bc4 Ke7 55. Ke4 Kd6 56. Bd3 Kc5 57. Bc4 Bf4 58.
Bf7 Kb4 59. Kd3 Ka3 60. Kc2 Bg3 61. Bd5 Be1 62. Be4 Kb4 63. Bg6 Bg3 64. Be4 Kc5 65.
Kd3 Kd6 66. Kc4 Ke6 67. Bf5+ Kf7 68. Be4 Kg7 69. Bf5 h5 70. Kd3 Kf7 71. Kc4 Be1 72.
Kd5 Kg7 73. Kc4 Bb4 74. Kd5 Kh6 75. Kc4 hxg4 76. hxg4 Kg7 77. Kd5 Kf7 78. Be4 Ke7 79.
Bf5 Kd8 80. Kc6 Ke8 81. Kd5 Be1 82. Ke6 Kd8 83. Kxf6 Bg3 84. Kxg5 Ke7 85. Bd3 Ke6 86.
Bc4+ Kd6 87. Kf5 Ke7 88. g5 Kf8 89. Kf6 Bh4 90. Kf5 Kg7 91. g6 Bf6 92. Bd3 Be7 93.
Be4 Bd6 94. Bd3 Bc7 95. Be4 Bb8 96. Ke6 Bc7 97. Kd7 Bb6 98. Kc6 Bd8 99. Kd6 Bb6 100. Kxe5 Bc5 101. Kd5 Bb4 102. Kxd4 Be1 103. Kc4 Bb4 104. Bd3 Be1 105. Be4 Bb4 106. Bd3 Ba3 107. Be4 Bb4 1/2-1/2

[Event "Late-Titled-Tuesday-Blitz-April-23-2024"]
[Site "Chess.com"]
[Date "2024.04.23"]
[Round "4"]
[White "SahibSinghKnight"]
[Black "RebecaJimnz"]
[Result "1-0"]
[WhiteElo "2634"]
[BlackElo "2288"]
[TimeControl "180+1"]
[EndTime "14:35:13 PDT"]
[Termination "SahibSinghKnight won by resignation"]

1. e4 c5 2. Nf3 Nc6 3. d4 cxd4 4. Nxd4 g6 5. Nc3 Bg7 6. Be3 Nf6 7. Bc4 Qa5 8. O-O O-O 9. Bb3 d6 10. f3 Bd7 11.
Qd2 a6 12. Qf2 b5 13. Nxc6 Bxc6 14. Bb6 Qb4 15. a3 1-0

[Event "Late-Titled-Tuesday-Blitz-April-23-2024"]
[Site "Chess.com"]
[Date "2024.04.23"]
[Round "4"]
[White "HamedWafa4"]
[Black "MetiForce"]
[Result "0-1"]
[WhiteElo "2728"]
[BlackElo "2931"]
[TimeControl "180+1"]
[EndTime "14:36:13 PDT"]
[Termination "MetiForce won by resignation"]

1. e4 c5 2. Nf3 d6 3. Bb5+ Bd7 4. Bxd7+ Nxd7 5. O-O Ngf6 6. Re1 e6 7. c3 Be7 8. d4 O-O 9. h3 Rc8 10. Bf4 cxd4 11.
cxd4 d5 12. e5 Ne4 13. Nbd2 Nxd2 14. Bxd2 Qb6 15. Qa4 Rc6 16. h4 Rfc8 17. h5 h6 18. Rab1 Nf8 19. Re3 Qa6 20. Qd1 Qxa2 21. Ra3 Bxa3 0-1

[Event "Late-Titled-Tuesday-Blitz-April-23-2024"]
[Site "Chess.com"]
[Date "2024.04.23"]
[Round "4"]
[White "Levanzovsky"]
[Black "pirulillo"]
[Result "1-0"]
[WhiteElo "2512"]
[BlackElo "2333"]
[TimeControl "180+1"]
[EndTime "14:36:32 PDT"]
[Termination "Levanzovsky won by resignation"]

1. e4 c5 2. Nf3 e6 3. d4 cxd4 4. Nxd4 Nf6 5. Nc3 Nc6 6. Nxc6 bxc6 7. e5 Nd5 8. Ne4 Bb7 9. c4 Nb4 10. a3 c5 11. Nd6+ Bxd6 12. exd6 Nc6 13. Be2 Nd4 14. Be3 e5 15. Bxd4 cxd4 16. Bf3 e4 17. Qxd4 exf3 18. Qxg7 1-0

[Event "Late-Titled-Tuesday-Blitz-April-23-2024"]
[Site "Chess.com"]
[Date "2024.04.23"]
[Round "4"]
[White "topotun"]
[Black "Msb2"]
[Result "1/2-1/2"]
[WhiteElo "2855"]
[BlackElo "3056"]
[TimeControl "180+1"]
[EndTime "14:37:06 PDT"]
[Termination "Game drawn by repetition"]

1. e4 e6 2. d4 d5 3. Nd2 c5 4.
exd5 Qxd5 5. Ngf3 cxd4 6. Bc4 Qd6 7. O-O Nf6 8. Nb3 Nc6 9. Nbxd4 Nxd4 10. Nxd4 Be7 11. Re1 O-O 12. c3 Qc7 13. Bb3 b6 14. Bg5 Bb7 15. Qd3 Rad8 16. Qh3 Bd5 17. Bc2 g6 18. Qh4 Kg7 19. Bh6+ Kg8 20. Bg5 Kg7 21. Bh6+ Kh8 22. Bxf8 Rxf8 23. Qg3 Bd6 24. Qh4 Be7 25. Qg3 Bd6 26. Qh4 Be7 1/2-1/2

[Event "Late-Titled-Tuesday-Blitz-April-23-2024"]
[Site "Chess.com"]
[Date "2024.04.23"]
[Round "4"]
[White "JM05C"]
[Black "finec2"]
[Result "0-1"]
[WhiteElo "2473"]
[BlackElo "2232"]
[TimeControl "180+1"]
[EndTime "14:37:16 PDT"]
[Termination "finec2 won by resignation"]

1. e4 c5 2. Nf3 e6 3. d4 cxd4 4. Nxd4 Nc6 5. Nc3 Qc7 6. a3 a6 7. Be3 b5 8. Nxc6 Qxc6 9. Bd3 Bb7 10. Qd2 d6 11. f3 Nf6 12. O-O-O Be7 13. g4 O-O 14. g5 Nd7 15. f4 Rfe8 16. Kb1 Bf8 17. h4 Nc5 18. h5 Nxd3 19. Qxd3 a5 20. e5 b4 21. Ne2 bxa3 22. Qxa3 dxe5 23. fxe5 Bxa3 0-1

[Event "Late-Titled-Tuesday-Blitz-April-23-2024"]
[Site "Chess.com"]
[Date "2024.04.23"]
[Round "4"]
[White "wanyaland"]
[Black "gmcorrales"]
[Result "0-1"]
[WhiteElo "2441"]
[BlackElo "2852"]
[TimeControl "180+1"]
[EndTime "14:37:29 PDT"]
[Termination "gmcorrales won by resignation"]

1. d4 Nf6 2. c4 e6 3. g3 d5 4. Bg2 Be7 5. Nf3 O-O 6. O-O dxc4 7. Qc2 a6 8. a4 Bd7 9. Bg5 Bc6 10. Qxc4 Bd5 11.
Qc2 Be4 12. Qc1 h6 13. Bxf6 Bxf6 14. Nc3 Bh7 15. e4 Nc6 16. e5 Be7 17. Rd1 Nb4 18. Rd2 c6 19. Qd1 a5 20. Qe2 Qb6 21. Ne4 Rfd8 22. h4 Rd7 23. Rad1 Rad8 24. g4 Nd5 25. Qe1 Bb4 26. g5 h5 27. Bf1 Bxd2 28. Rxd2 Qb4 29. Qd1 Bxe4 0-1

[Event "Late-Titled-Tuesday-Blitz-April-23-2024"]
[Site "Chess.com"]
[Date "2024.04.23"]
[Round "4"]
[White "ozates"]
[Black "NovakRatko"]
[Result "1-0"]
[WhiteElo "2554"]
[BlackElo "2383"]
[TimeControl "180+1"]
[EndTime "14:37:37 PDT"]
[Termination "ozates won by resignation"]

1. e4 d5 2. exd5 c6 3. d4 cxd5 4. c4 Nc6 5. Nf3 Nf6 6. h3 h6 7. Nc3 Bf5 8. Qb3 dxc4 9. Bxc4 e6 10. Qxb7 Qc8 11. Ba6 Nb4 12. Bb5+ Kd8 13. Qxf7 Nc2+ 14. Ke2 Nxa1 15. Ne5 Qc7 16. Nc6+ Kc8 17. Ba6+ 1-0

[Event "Late-Titled-Tuesday-Blitz-April-23-2024"]
[Site "Chess.com"]
[Date "2024.04.23"]
[Round "4"]
[White "Ajedrez_con_German"]
[Black "stasOR4ik"]
[Result "1-0"]
[WhiteElo "2657"]
[BlackElo "2449"]
[TimeControl "180+1"]
[EndTime "14:37:39 PDT"]
[Termination "Ajedrez_con_German won by resignation"]

1. a3 d5 2. e3 e5 3. d4 exd4 4. exd4 Bd6 5. c4 dxc4 6. Bxc4 Nc6 7. Nf3 Nf6 8. h3 h6 9. O-O O-O 10. Nc3 Bf5 11. Re1 a6 12. Ne5 Bxe5 13. dxe5 Qxd1 14. Nxd1 Ne4 15. Bf4 Rad8 16. Ne3 Be6 17. Bf1 Rd2 18. Nc4 Rd4 19. Rac1 Bxc4 20. Rxc4 Nd2 21. Rxd4 Nxf1 22. Rdd1 g5 1-0

[Event "Late-Titled-Tuesday-Blitz-April-23-2024"]
[Site "Chess.com"]
[Date "2024.04.23"]
[Round "4"]
[White "Aygehovit1992"]
[Black "Veleamater"]
[Result "1-0"]
[WhiteElo "2712"]
[BlackElo "2437"]
[TimeControl "180+1"]
[EndTime "14:37:39 PDT"]
[Termination "Aygehovit1992 won by resignation"]

1. e4 d6 2. d4 g6 3. Nc3 Bg7 4. Be3 Nf6 5. Nf3 a6 6. h3 O-O 7. Qd2 b5 8. Bd3 Nc6 9. Bh6 e5 10. Bxg7 Kxg7 11. d5 Ne7 12. Ne2 h6 13. g4 Rh8 14.
Ng3 Bb7 15. O-O-O Rc8 16. g5 hxg5 17. Nxg5 Nh5 18. Nxh5+ Rxh5 19. Rhg1 Rh4 20. Rdf1 Rf4 21. h4 Qh8 22. Rg3 Rxh4 23. f4 Rh1 24. fxe5 Rxf1+ 25. Bxf1 Qh1 26. Qf2 Rf8 27. Rh3 Qxh3 28. Nxh3 dxe5 29. Qa7 Bc8 30. Qxc7 Ng8 31. Qxe5+ Nf6 32. Ng5 Re8 33.
Qc7 Bd7 34. e5 Re7 35. exf6+ Kxf6 1-0

[Event "Late-Titled-Tuesday-Blitz-April-23-2024"]
[Site "Chess.com"]
[Date "2024.04.23"]
[Round "4"]
[White "Zampronha1971"]
[Black "Pig-filth"]
[Result "1-0"]
[WhiteElo "2445"]
[BlackElo "2241"]
[TimeControl "180+1"]
[EndTime "14:37:42 PDT"]
[Termination "Zampronha1971 won by resignation"]

1. e4 Nf6 2. e5 Nd5 3. d4 d6 4. c4 Nb6 5. exd6 cxd6 6. Nc3 g6 7.
Be3 Bg7 8. Rc1 O-O 9. b3 e6 10. Nf3 Nc6 11. Be2 d5 12. c5 Nd7 13. O-O Nf6 14. a3 a5 15. Rb1 Ne4 16. Qd3 Nxc3 17. Qxc3 e5 18. dxe5 Bf5 19. Rbd1 Qe7 20. Bf4 Be4 21.
Rfe1 h6 22. h3 Rad8 23. b4 axb4 24. axb4 d4 25. Qb2 Nxe5 26. Nxe5 Bxe5 27. Bxe5 Qxe5 28. Bd3 f5 29. f3 Qd5 30. fxe4 fxe4 31. Bxe4 1-0

[Event "Late-Titled-Tuesday-Blitz-April-23-2024"]
[Site "Chess.com"]
[Date "2024.04.23"]
[Round "4"]
[White "samidescalona2002"]
[Black "Orest_Vovk"]
[Result "0-1"]
[WhiteElo "2754"]
[BlackElo "2568"]
[TimeControl "180+1"]
[EndTime "14:37:46 PDT"]
[Termination "Orest_Vovk won by resignation"]

1. d4 h6 2. e4 g5 3. h4 g4 4. Qxg4 d5 5. Qd1 dxe4 6. Nc3 Nf6 7. Bc4 Bg4 8. f3 exf3 9. Nxf3 Qd6 10. Bxf7+ Kxf7 11. Ne5+ Qxe5+ 12. dxe5 Bxd1 13. exf6 Bxc2 14. O-O exf6 15.
Nd5 Bc5+ 16. Kh1 Nd7 17. Bd2 c6 18. Ne3 Bxe3 19. Bxe3 Be4 20. Kh2 Rhg8 21. g3 h5 22. Rad1 Ne5 23. Bd4 Nf3+ 24. Kh3 Nxd4 25. Rxd4 Bd5 26.
Rdf4 Rg6 0-1

[Event "Late-Titled-Tuesday-Blitz-April-23-2024"]
[Site "Chess.com"]
[Date "2024.04.23"]
[Round "4"]
[White "jaskol95"]
[Black "IndianSchoolOfSuffering"]
[Result "1-0"]
[WhiteElo "2595"]
[BlackElo "2406"]
[TimeControl "180+1"]
[EndTime "14:37:47 PDT"]
[Termination "jaskol95 won by resignation"]

1. e4 c5 2. Nf3 d6 3. Bb5+ Nd7 4.
a4 Nf6 5. Nc3 g6 6. a5 a6 7. Bc4 Bg7 8. Bxf7+ Kxf7 9. Ng5+ Kg8 10. Ne6 Qe8 11. Nc7 Qd8 12. Nxa8 Ne5 13. Nb6 Be6 14. d3 h6 15. f4 Nc6 16. h3 Kh7 17. Be3 Rf8 18. O-O Nd7 19. Nbd5 Nd4 20. Ne2 Bxd5 21.
exd5 Nf5 22. Bf2 Nf6 23. Nc3 Nd7 24. Qe2 Nd4 25. Bxd4 Bxd4+ 26. Kh1 Nf6 27. Rae1 Rf7 28. Qe6 Rg7 29. Ne4 Nh5 30. c3 Bf6 31. g4 1-0

[Event "Late-Titled-Tuesday-Blitz-April-23-2024"]
[Site "Chess.com"]
[Date "2024.04.23"]
[Round "4"]
[White "BardArtem"]
[Black "chucksterf10"]
[Result "0-1"]
[WhiteElo "2809"]
[BlackElo "2616"]
[TimeControl "180+1"]
[EndTime "14:37:54 PDT"]
[Termination "chucksterf10 won by checkmate"]

1. e4 a6 2. d4 c6 3. c4 d5 4. cxd5 cxd5 5. exd5 Nf6 6. Nc3 Nxd5 7. Nf3 Nc6 8. Bc4 Nxc3 9. bxc3 e6 10. O-O Bd6 11.
Bd3 h6 12. Re1 O-O 13. Bc2 Qc7 14. Qd3 f5 15. Bb3 Na5 16. Bxe6+ Bxe6 17. Rxe6 Rae8 18.
Rxe8 Rxe8 19. Qxf5 Qxc3 20. Ne5 Qe1# 0-1

[Event "Late-Titled-Tuesday-Blitz-April-23-2024"]
[Site "Chess.com"]
[Date "2024.04.23"]
[Round "4"]
[White "GothamChess"]
[Black "micke12a"]
[Result "1-0"]
[WhiteElo "2697"]
[BlackElo "2436"]
[TimeControl "180+1"]
[EndTime "14:38:00 PDT"]
[Termination "GothamChess won by resignation"]

1. e4 c5 2. Nc3 d6 3. d4 cxd4 4.
Qxd4 Nc6 5. Qd2 g6 6. b3 Bh6 7.
f4 Nf6 8. Bb2 O-O 9. O-O-O e5 10. g3 Re8 11. Kb1 Bg4 12. Nge2 a5 13. h3 Bf3 14.
Rg1 Nxe4 15. Qe3 Nxc3+ 16. Qxc3 Bxe2 17. Bxe2 Nd4 18. Rxd4 exd4 19. Qxd4 f6 20. Bc4+ Kh8 21. h4 Bg7 22. h5 gxh5 23. Qd5 Rc8 24. Qxh5 Rxc4 25.
Rh1 h6 26. bxc4 Qc7 27. Qxe8+ Kh7 28. Qe4+ Kg8 29. Ka1 1-0

[Event "Late-Titled-Tuesday-Blitz-April-23-2024"]
[Site "Chess.com"]
[Date "2024.04.23"]
[Round "4"]
[White "IraZyne"]
[Black "rynos0411"]
[Result "0-1"]
[WhiteElo "2339"]
[BlackElo "2518"]
[TimeControl "180+1"]
[EndTime "14:38:02 PDT"]
[Termination "rynos0411 won by resignation"]

1. e4 c5 2. Nc3 d6 3. g3 Nc6 4. Bg2 g6 5. Nge2 Bg7 6. O-O Rb8 7.
d3 b5 8. a3 a5 9. a4 b4 10.
Nb5 Nf6 11. h3 O-O 12. c4 bxc3 13. bxc3 e5 14. Be3 Ba6 15. Rb1 Qd7 16. g4 Ne8 17.
Ng3 Nc7 18. c4 Ne6 19. Ne2 Kh8 20. f3 f5 21. Bf2 Bh6 22. Nec3 Nf4 23. Kh2 Nd4 24.
Bg3 Nc6 25. Kh1 Nb4 26. Bxf4 Bxf4 27. Nd5 Nxd5 28. exd5 Qe7 29. Qe1 fxg4 30. fxg4 Bc8 31. Qxa5 Bxg4 32. Qe1 Rbe8 33. hxg4 Qg5 34. Bf3 Qh6+ 0-1

[Event "Late-Titled-Tuesday-Blitz-April-23-2024"]
[Site "Chess.com"]
[Date "2024.04.23"]
[Round "4"]
[White "temiksmozg"]
[Black "JG-17"]
[Result "1-0"]
[WhiteElo "2715"]
[BlackElo "2541"]
[TimeControl "180+1"]
[EndTime "14:38:04 PDT"]
[Termination "temiksmozg won by resignation"]

1. e4 c5 2. Nf3 d6 3. d4 cxd4 4. Nxd4 Nf6 5. Nc3 g6 6. Be3 Nc6 7. f3 h5 8. Qd2 Nxd4 9. Bxd4 Bh6 10.
Qf2 O-O 11. Bxf6 exf6 12. Bc4 Be6 13. Nd5 Rc8 14. Bb3 f5 15. O-O fxe4 16. fxe4 Bxd5 17. Bxd5 Qb6 18. Qxb6 axb6 19. c3 Rc7 20. Rf6 Rd8 21. Rxg6+ Kh7 22. Rf6 Kg7 23. Raf1 Rdd7 24. R6f5 Kg6 25.
g3 b5 26. Bb3 b4 27. cxb4 Rc1 28. Bxf7+ Kg7 29. Bxh5 Rdc7 30. Rxc1 Rxc1+ 31. Kg2 Rc2+ 32. Rf2 Rc4 33. Rf7+ Kg8 34. Rxb7 Rc2+ 35. Kh3 Rxb2 36. a4 Bd2 37. b5 Be3 38. a5 Bg1 39. a6 Rxh2+ 40.
Kg4 Ra2 41. Bf7+ Kf8 42. Bxa2 1-0

[Event "Late-Titled-Tuesday-Blitz-April-23-2024"]
[Site "Chess.com"]
[Date "2024.04.23"]
[Round "4"]
[White "chedimir"]
[Black "Romkachess"]
[Result "1-0"]
[WhiteElo "2473"]
[BlackElo "2646"]
[TimeControl "180+1"]
[EndTime "14:38:05 PDT"]
[Termination "chedimir won on time"]

1. e4 e5 2. Nf3 Nc6 3. Bb5 g6 4.
d4 exd4 5. O-O Bg7 6. Bg5 Nge7 7.
c3 dxc3 8. Nxc3 d6 9. Nd5 f6 10. Nxf6+ Kf7 11. Nd5 h6 12. Bxc6 hxg5 13. Nxg5+ Kf8 14.
Qf3+ Bf5 15. exf5 Nxc6 16. fxg6+ Bf6 17. Ne6+ Kg8 18. Nxf6+ 1-0

[Event "Late-Titled-Tuesday-Blitz-April-23-2024"]
[Site "Chess.com"]
[Date "2024.04.23"]
[Round "4"]
[White "Balla_Tamas"]
[Black "Kostukov_Alex"]
[Result "1-0"]
[WhiteElo "2538"]
[BlackElo "2367"]
[TimeControl "180+1"]
[EndTime "14:38:07 PDT"]
[Termination "Balla_Tamas won by resignation"]

1. e4 c5 2. c3 g6 3. d4 cxd4 4. cxd4 d5 5. e5 Nc6 6. Nc3 Bg7 7. h3 Nh6 8. Nf3 O-O 9. Bb5 f6 10. Bxc6 bxc6 11. exf6 exf6 12. O-O Be6 13. Re1 Bf7 14. Na4 Nf5 15. b3 Nd6 16. Ba3 Re8 17. Rxe8+ Bxe8 18. Rc1 Ne4 19. Nd2 Bh6 20. Nxe4 Bxc1 21. Qxc1 dxe4 22.
Nc5 Qd5 23. Qf4 Qxd4 24. Nxe4 Kg7 25. Be7 Kf7 26. Nd6+ Ke6 27. Qxd4 1-0

[Event "Late-Titled-Tuesday-Blitz-April-23-2024"]
[Site "Chess.com"]
[Date "2024.04.23"]
[Round "4"]
[White "Road2GM3000"]
[Black "katharinareinecke"]
[Result "1-0"]
[WhiteElo "2449"]
[BlackElo "2052"]
[TimeControl "180+1"]
[EndTime "14:38:08 PDT"]
[Termination "Road2GM3000 won by checkmate"]

1. d4 d5 2. c4 c6 3. Nc3 e6 4.
cxd5 cxd5 5. Nf3 Nf6 6. Bg5 Be7 7. e3 O-O 8. Bd3 h6 9. Bh4 Nc6 10. O-O a6 11. Rc1 Na5 12. Bb1 b5 13. Qd3 g6 14.
Ne5 Nh5 15. Nxg6 Bxh4 16. Nxh4 f5 17. Nf3 Nc4 18. Ne2 Nxb2 19. Qb3 Nc4 20. Ne5 Bd7 21. Nf4 Nxf4 22. exf4 Kh7 23. Qh3 Rg8 24. g4 Nd2 25. g5 Nxb1 26. Qxh6# 1-0

[Event "Late-Titled-Tuesday-Blitz-April-23-2024"]
[Site "Chess.com"]
[Date "2024.04.23"]
[Round "4"]
[White "Fantastic_Power"]
[Black "SharathRk6"]
[Result "1-0"]
[WhiteElo "2694"]
[BlackElo "2435"]
[TimeControl "180+1"]
[EndTime "14:38:12 PDT"]
[Termination "Fantastic_Power won on time"]

1. f4 d5 2. Nf3 c5 3. e3 Nf6 4. b3 Nc6 5. Bb5 Bd7 6. Bb2 e6 7. O-O Bd6 8. d3 a6 9. Bxc6 Bxc6 10. Nbd2 Qc7 11. Ne5 O-O-O 12. a3 Rhe8 13. b4 cxb4 14.
axb4 Bxb4 15. Nb3 Kb8 16. Bd4 Bb5 17. Qb1 Bc3 18. Ra3 Bb4 19. Ra2 Rc8 20. Rc1 Bc3 21. Nc5 Bxd4 22. exd4 Qd6 23. Qb4 Ka7 24. Qxb5 Re7 25.
Rca1 Kb8 26. Rxa6 1-0

[Event "Late-Titled-Tuesday-Blitz-April-23-2024"]
[Site "Chess.com"]
[Date "2024.04.23"]
[Round "4"]
[White "GP9isback23"]
[Black "zsizsi99"]
[Result "0-1"]
[WhiteElo "2658"]
[BlackElo "2492"]
[TimeControl "180+1"]
[EndTime "14:38:13 PDT"]
[Termination "zsizsi99 won by resignation"]

1. d4 Nf6 2. Nf3 d5 3. e3 c5 4.
Be2 Nc6 5. O-O e6 6. c4 dxc4 7. Bxc4 cxd4 8. exd4 Be7 9. Be3 O-O 10. Qe2 b6 11. Rd1 Bb7 12. Nc3 Nb4 13. Ne5 Rc8 14.
Rac1 Nfd5 15. Bd3 Nxd3 16. Qxd3 Nxc3 17. bxc3 Qd5 18. f3 f6 19. Ng4 h5 20. Nf2 b5 21. Ne4 a6 22. Qe2 Qc4 23. Qf2 f5 24. Nc5 f4 25. Bd2 Rxc5 0-1

[Event "Late-Titled-Tuesday-Blitz-April-23-2024"]
[Site "Chess.com"]
[Date "2024.04.23"]
[Round "4"]
[White "kylelancman"]
[Black "zano2023"]
[Result "1-0"]
[WhiteElo "2478"]
[BlackElo "2167"]
[TimeControl "180+1"]
[EndTime "14:38:13 PDT"]
[Termination "kylelancman won on time"]

1. e4 d6 2. d4 Nf6 3. Nc3 c6 4. f4 Qa5 5. Bd3 e5 6. Nf3 Bg4 7. Be3 Nbd7 8. O-O Be7 9. h3 Bh5 10. a3 Qc7 11. Qe1 O-O 12. g4 exf4 13. Bxf4 Bg6 14.
e5 dxe5 15. dxe5 Nd5 16. Nxd5 cxd5 17. Qg3 Nc5 18. e6 Qc6 19. Bxg6 hxg6 20. exf7+ Rxf7 21. Ne5 Qb6 22. Kh1 1-0

[Event "Late-Titled-Tuesday-Blitz-April-23-2024"]
[Site "Chess.com"]
[Date "2024.04.23"]
[Round "4"]
[White "attack2mateU"]
[Black "AniJak"]
[Result "1-0"]
[WhiteElo "2701"]
[BlackElo "2382"]
[TimeControl "180+1"]
[EndTime "14:38:13 PDT"]
[Termination "attack2mateU won by resignation"]

1. e4 Nf6 2. e5 Nd5 3. d4 d6 4.
c4 Nb6 5. f4 dxe5 6. fxe5 Nc6 7. Be3 Bf5 8. Nc3 e6 9. Nf3 Be7 10. Be2 O-O 11. O-O f6 12. exf6 Bxf6 13. Kh1 Bg4 14. Ne4 Bxf3 15. Nxf6+ Rxf6 16. gxf3 Rf7 17. Qd3 e5 18. d5 Ne7 19. Qe4 Ng6 20. Rad1 Nd7 21. c5 Nf6 22. Qb4 Nh5 23. Qxb7 Rb8 24. Qc6 Qh4 25. Bf2 Qh3 26. Rg1 Rxb2 27. d6 cxd6 28. Bc4 Rxf2 29. Qe8+ 1-0

[Event "Late-Titled-Tuesday-Blitz-April-23-2024"]
[Site "Chess.com"]
[Date "2024.04.23"]
[Round "4"]
[White "MatthewG-p4p"]
[Black "Firouzja2003"]
[Result "1/2-1/2"]
[WhiteElo "2918"]
[BlackElo "3104"]
[TimeControl "180+1"]
[EndTime "14:38:16 PDT"]
[Termination "Game drawn by repetition"]

1. e4 c5 2. c3 Nf6 3. e5 Nd5 4. Nf3 d6 5. Bc4 e6 6. d4 cxd4 7. cxd4 Be7 8. O-O O-O 9. Bd2 dxe5 10. dxe5 b6 11. Qe2 Bb7 12. Nc3 Nxc3 13. Bxc3 Nd7 14. Nd4 Rc8 15. f4 Qc7 16. Bd3 Nc5 17. Bc2 Ba6 18.
Nb5 Bxb5 19. Qxb5 a6 20. Qe2 b5 21. Kh1 Qb7 22. f5 exf5 23. Bxf5 Ne6 24. Qg4 Qb6 25. a3 Rc4 26. Qh3 g6 27. Bd3 Rh4 28. Qg3 Rh5 29.
Rf3 Rg5 30. Qh3 Rh5 31. Qg3 Rg5 32. Qh3 Rh5 33. Qg3 1/2-1/2

[Event "Late-Titled-Tuesday-Blitz-April-23-2024"]
[Site "Chess.com"]
[Date "2024.04.23"]
[Round "4"]
[White "rezamahdavi2008"]
[Black "Harry_Rakkel"]
[Result "1-0"]
[WhiteElo "2915"]
[BlackElo "2698"]
[TimeControl "180+1"]
[EndTime "14:38:16 PDT"]
[Termination "rezamahdavi2008 won by resignation"]

1. e4 c5 2. Nf3 d6 3. d4 cxd4 4.
Nxd4 Nf6 5. Nc3 a6 6. f3 e5 7. Nb3 Be7 8. Be3 Be6 9. Qd2 O-O 10. O-O-O Nbd7 11. g4 Qc7 12. g5 Nh5 13. Kb1 g6 14.
Nd5 Bxd5 15. exd5 f5 16. gxf6 Bxf6 17. Bh3 Nb6 18. Be6+ Kh8 19. Na5 Nf4 20. h4 Nc4 21. Nxc4 Qxc4 22. Bxf4 exf4 23. c3 b5 24. h5 g5 25.
Rhe1 Rab8 26. Re4 Qc5 27. Rde1 h6 28. Qd3 a5 29. Bd7 Rf7 30. Re8+ Rf8 31. Qg6 1-0

[Event "Late-Titled-Tuesday-Blitz-April-23-2024"]
[Site "Chess.com"]
[Date "2024.04.23"]
[Round "4"]
[White "Supelyel"]
[Black "Perecke"]
[Result "0-1"]
[WhiteElo "2411"]
[BlackElo "2612"]
[TimeControl "180+1"]
[EndTime "14:38:18 PDT"]
[Termination "Perecke won by resignation"]

1. c4 e5 2. g3 Nf6 3. Bg2 d5 4. cxd5 Nxd5 5. Nf3 Nc6 6. O-O Nb6 7. d3 Be7 8. Nc3 O-O 9. a3 Be6 10. b4 a5 11. b5 Nd4 12. Nxd4 exd4 13. Ne4 Bd5 14. Qc2 Rc8 15. Bb2 f5 16. Nd2 Bxg2 17. Kxg2 Bf6 18. Nf3 Re8 19. Rfe1 Qd5 20. Rac1 Qf7 21. Bxd4 Bxd4 22.
Nxd4 Qd5+ 23. Nf3 Qxb5 24. Qc5 Qd7 25. Qxa5 Nd5 26. Qc5 c6 27. Ne5 Rxe5 28. Kg1 f4 29.
Rc4 Qh3 0-1

[Event "Late-Titled-Tuesday-Blitz-April-23-2024"]
[Site "Chess.com"]
[Date "2024.04.23"]
[Round "4"]
[White "NikitaShnadrygin"]
[Black "cristianserban1"]
[Result "1-0"]
[WhiteElo "2712"]
[BlackElo "2539"]
[TimeControl "180+1"]
[EndTime "14:38:21 PDT"]
[Termination "NikitaShnadrygin won on time"]

1. e4 c5 2. Nf3 e6 3. d4 cxd4 4. Nxd4 Nf6 5. Nc3 Nc6 6. Ndb5 d6 7. Bf4 e5 8. Bg5 a6 9. Na3 b5 10. Nd5 Be7 11. Bxf6 Bxf6 12. c3 Rb8 13. Nc2 Bg5 14. g3 O-O 15. Bg2 Ne7 16. Ncb4 Bb7 17. O-O Kh8 18.
Qd3 a5 19. Nxe7 axb4 20. Nd5 Bxd5 21. Qxd5 bxc3 22. bxc3 Qc7 23. Rab1 Qxc3 24. Rxb5 Rxb5 25. Qxb5 Qa3 26. Qd5 Kg8 27. h4 Bd8 28. Rb1 Bc7 29. Rb7 Qc1+ 30. Kh2 Rb8 31. Ra7 Rc8 32. Qb7 1-0

[Event "Late-Titled-Tuesday-Blitz-April-23-2024"]
[Site "Chess.com"]
[Date "2024.04.23"]
[Round "4"]
[White "LiemLe"]
[Black "PepeCuenca"]
[Result "1-0"]
[WhiteElo "3054"]
[BlackElo "2822"]
[TimeControl "180+1"]
[EndTime "14:38:24 PDT"]
[Termination "LiemLe won by resignation"]

1. Nf3 Nf6 2. c4 g6 3. Nc3 Bg7 4. e4 d6 5. d4 O-O 6. Be2 Bg4 7.
Be3 Nfd7 8. Rc1 e5 9. d5 a5 10.
h3 Bxf3 11. Bxf3 f5 12. h4 f4 13. Bd2 h5 14. g4 fxg3 15. fxg3 Kh7 16. Bg5 Bf6 17. Be3 Na6 18. Kd2 Bg7 19. g4 Bh6 20. g5 Bg7 21. Bxh5 gxh5 22. Qxh5+ Kg8 23. Rcf1 Qe7 24. Rf5 Ndc5 25. Rhf1 Rxf5 26. exf5 Qf7 27. g6 Qe7 28. Qh7+ Kf8 29. f6 1-0

[Event "Late-Titled-Tuesday-Blitz-April-23-2024"]
[Site "Chess.com"]
[Date "2024.04.23"]
[Round "4"]
[White "rasmussvane"]
[Black "MagnusCarlsen"]
[Result "0-1"]
[WhiteElo "2957"]
[BlackElo "3230"]
[TimeControl "180+1"]
[EndTime "14:38:25 PDT"]
[Termination "MagnusCarlsen won on time"]

1. Nf3 b6 2. g3 Bb7 3. Bg2 g6 4. O-O Bg7 5. d4 Nf6 6. c4 O-O 7. Re1 Na6 8. Qc2 c5 9. d5 b5 10.
cxb5 Nb4 11. Qxc5 Nfxd5 12. Na3 a6 13. bxa6 Bxa6 14. Bd2 Rc8 15. Bxb4 Rxc5 16. Bxc5 Bxb2 17. Rab1 Qa5 18. Nc2 Qxc5 19. Rxb2 Qc3 20. Reb1 Bxe2 21. Nfd4 Bc4 22. a4 e6 0-1

[Event "Late-Titled-Tuesday-Blitz-April-23-2024"]
[Site "Chess.com"]
[Date "2024.04.23"]
[Round "4"]
[White "miraitrunks"]
[Black "ural58"]
[Result "0-1"]
[WhiteElo "2204"]
[BlackElo "2559"]
[TimeControl "180+1"]
[EndTime "14:38:25 PDT"]
[Termination "ural58 won on time"]

1. e4 d5 2. exd5 Qxd5 3. Nc3 Qa5 4. d4 Nf6 5. Nf3 Nc6 6. Be3 Bg4 7. h3 Bh5 8. a3 O-O-O 9. b4 Qf5 10. Bd3 Qd7 11.
b5 Bxf3 12. Qxf3 Nxd4 13. Qf4 g5 14. Qe5 Bg7 15. O-O-O Nh5 16. Qxg5 Qd6 17. Kb2 Qe5 0-1